 Dungeon Crawl Stone Soup version 0.26.0-18-gc5c842f807 (webtiles) character file.

Game seed: 3872638100122703615

690 thiole the Sneak (level 7, -3/41 HPs)
             Began as an Octopode Hedge Wizard on Jan 22, 2021.
             Was an Initiate of Gozag.
             Slain by an ice beast (9 damage)
             ... on level 6 of the Dungeon.
             The game lasted 00:10:27 (5918 turns).

thiole the Sneak (Octopode Hedge Wizard)            Turns: 5918, Time: 00:10:28

Health: -3/41      AC:  8    Str:  9    XL:     7   Next: 63%
Magic:  3/13       EV: 17    Int: 19    God:    Gozag
Gold:   265        SH:  0    Dex: 11    Spells: 7/15 levels left

rFire    + . .     SeeInvis .   h - +1 dagger (protect)
rCold    x . .     Faith    .   (no shield)
rNeg     . . .     Spirit   .   b - +0 hat
rPois    .         Reflect  .   g - amulet of the acrobat
rElec    .         Harm     .   j - ring of willpower
rCorr    .         Rampage  .   s - +4 ring of evasion
Will     +....                  w - ring of fire
Stlth    ++++......             (no ring)
HPRegen  0.13/turn              (no ring)
MPRegen  0.13/turn              (no ring)
                                (no ring)
                                (no ring)

@: protection aura, very slightly contaminated
A: almost no armour, stealthy swim, amphibious, 8 rings, constrict 8, camouflage
1, gelatinous body 1
a: Renounce Religion, Potion Petition, Call Merchant, Bribe Branch


You were on level 6 of the Dungeon.
You worshipped Gozag.
Gozag was aware of your devotion.
You visited 2 branches of the dungeon, and saw 7 of its levels.

You collected 338 gold pieces.
You paid 73 gold pieces to Gozag.

Inventory:

Hand Weapons
 h - a +1 dagger of protection (weapon)
 q - a +3 war axe of freezing
Armour
 b - a +0 hat (worn)
Jewellery
 g - an amulet of the acrobat (around mantle)
 j - a ring of willpower (left tentacle)
 s - a +4 ring of evasion (right tentacle)
 w - a ring of fire (on tentacle)
Wands
 o - a wand of iceblast (7)
 t - a wand of acid (7)
 v - a wand of random effects (20)
Scrolls
 c - 3 scrolls of remove curse
 d - 2 scrolls of magic mapping
 i - 2 scrolls of enchant weapon {unknown}
 n - a scroll of amnesia {unknown}
 p - 2 scrolls of teleportation {unknown}
 u - a scroll of identify
Potions
 a - a potion of invisibility {unknown}
 e - 2 potions of lignification
 f - 2 potions of flight
 k - a potion of heal wounds {unknown}
 l - 2 potions of resistance {unknown}
 m - 5 potions of curing {unknown}
 r - a potion of cancellation {unknown}


   Skills:
 - Level 2.0 Dodging
 + Level 6.1 Stealth
 + Level 4.5 Spellcasting
 - Level 2.0 Conjurations
 - Level 2.0 Hexes
 - Level 2.0 Summonings
 - Level 1.0 Translocations
 * Level 4.7 Air Magic


You had 7 spell levels left.
You knew the following spells:

 Your Spells              Type           Power        Failure   Level
a - Magic Dart            Conj           44%          6%          1
b - Call Imp              Summ           11%          9%          2
c - Slow                  Hex            11%          9%          2
d - Mephitic Cloud        Conj/Pois/Air  12%          16%         3

Your spell library contained the following spells:

 Spells                   Type           Power        Failure   Level
 Blink                    Tloc           N/A          13%         2
 Conjure Flame            Conj/Fire      12%          26%         3


Dungeon Overview and Level Annotations

Branches:
Dungeon (6/15)             Temple (1/1) D:5

Altars:
Ashenzari
Cheibriados
Dithmenos
Elyvilon
Fedhas
Gozag
Hepliaklqana
Kikubaaqudgha
Makhleb
Nemelex Xobeh
Okawaru
Qazlal
Ru
Sif Muna
Vehumet
Zin
The Shining One
Lugonu

Shops:
D:5 [   D:6 *


Innate Abilities, Weirdness & Mutations

You cannot wear most types of armour.
You are very stealthy in the water. (Stealth+)
You are amphibious.
You can wear up to eight rings at the same time.
You can use your tentacles to constrict eight enemies at once.
Your skin changes colour to match your surroundings (Stealth+).
Your rubbery body absorbs attacks. (AC +1, EV +1)


Message History

Your crimson imp disappears in a puff of smoke! x2
An ice beast is nearby!
Casting: Call Imp (safe; 9% risk of failure)
Confirm with . or Enter, or press ? or * to list all spells.
A beastly little devil appears in a puff of flame.
Casting: Call Imp (safe; 9% risk of failure)
Confirm with . or Enter, or press ? or * to list all spells.
You miscast Call Imp.
You are very lightly contaminated with residual magic.
Nothing appears to happen.
Your crimson imp hits the ice beast but does no damage.
Your crimson imp blinks!
You hit the ice beast but do no damage.
Your weapon exudes an aura of protection.
The ice beast is severely wounded.
The ice beast hits you.
* * * LOW HITPOINT WARNING * * *
The ice beast freezes you!
You feel a terrible chill!
You die...
Your body crumbles into a pile of gold.

.# .# ##.# .##. #..
... ... .. #.###.#
... #.##..# #
..######ยง##.##.#
.........@Y...5..#
......###.###.####
.....###.# #Y# ...
..#.# #5# #..#.#.#
#.####### .###..#.#.#
#....5..# #####
..........# #######.#
##...# #######.###
.....#########.######


You could see an ice beast and a friendly crimson imp (summoned).

Vanquished Creatures
  A sky beast (D:5)
  Blork the orc (D:4)
  A bullfrog zombie (D:5)
  A crimson imp (D:3)
  3 orc priests
  3 worker ants
  4 orc wizards
  A hound skeleton (D:4)
  A howler monkey zombie (D:6)
  7 adders
  4 worms
  2 dart slugs
  A leopard gecko (D:1)
  16 orcs
  5 ball pythons
  6 bats
  3 giant cockroaches
  9 goblins
  7 hobgoblins
  7 jackals
  4 quokkas
  5 frilled lizards
  5 kobolds
  A leopard gecko skeleton (D:4)
  9 rats
107 creatures vanquished.

Notes
Turn   | Place    | Note
-------+----------+-------------------------------------------
     0 | D:1      | thiole the Octopode Hedge Wizard began the quest for the
                  | Orb.
     0 | D:1      | Reached XP level 1. HP: 11/11 MP: 4/4
   328 | D:1      | Reached XP level 2. HP: 17/17 MP: 1/6
   589 | D:1      | Reached skill level 3 in Stealth
  1141 | D:2      | Reached XP level 3. HP: 21/21 MP: 4/7
  1144 | D:2      | Learned a level 2 spell: Call Imp
  1147 | D:2      | Learned a level 2 spell: Slow
  1151 | D:2      | Learned a level 3 spell: Mephitic Cloud
  1472 | D:2      | Found a sparkling altar of Nemelex Xobeh.
  1880 | D:2      | Reached XP level 4. HP: 24/27 MP: 1/8
  2317 | D:3      | Reached skill level 1 in Air Magic
  2384 | D:3      | Found a hazy altar of Hepliaklqana.
  2547 | D:3      | Found a glowing silver altar of Zin.
  2809 | D:3      | Found a burning altar of Makhleb.
  2823 | D:3      | Reached skill level 4 in Stealth
  2823 | D:3      | Found a radiant altar of Vehumet.
  2834 | D:3      | Reached skill level 1 in Hexes
  2834 | D:3      | Reached XP level 5. HP: 16/31 MP: 8/10
  3094 | D:3      | Found a stormy altar of Qazlal.
  3645 | D:4      | Identified the +4 ring mail of Circular Logic {+Fly Will+}
  3664 | D:4      | Reached XP level 6. HP: 23/36 MP: 3/11
  3923 | D:4      | Noticed Blork the orc
  3930 | D:4      | Killed Blork the orc
  3960 | D:4      | Reached skill level 5 in Stealth
  4185 | D:4      | Found a broken altar of Ashenzari.
  4280 | D:5      | Entered Level 5 of the Dungeon
  4295 | D:5      | Reached XP level 7. HP: 26/41 MP: 13/13
  4774 | D:5      | Found Xusch's Antique Armour Emporium.
  4801 | D:5      | Found a staircase to the Ecumenical Temple.
  4810 | Temple   | Entered the Ecumenical Temple
  4844 | Temple   | Became a worshipper of Gozag Ym Sagoz the Greedy
  5283 | D:5      | Found a shadowy altar of Dithmenos.
  5525 | D:5      | Reached skill level 6 in Stealth
  5620 | D:5      | Found a glowing golden altar of the Shining One.
  5621 | D:5      | Found a snail-covered altar of Cheibriados.
  5636 | D:5      | Found a white marble altar of Elyvilon.
  5818 | D:6      | Found Ibaroyt's General Store.
  5918 | D:6      | Slain by an ice beast

Illustrated notes

Levels and vault maps discovered:
D:1:      scummos_arrival_simple_fountains, layout_loops_ring, feat_on_display
D:2:      kennysheep_big_flooded_room, layout_basic,
          nemelex_xobeh_ov_fountains_minmay, hangedman_decor_points
D:3:      layout_loops_cross, grunt_temple_overflow_lords_of_destruction,
          lemuel_doored_altar, overflow_temple_1_default, grunt_qazlal_sundering
D:4:      layout_rooms, marbit_many_paths, sigmund_army, uniq_blork_the_orc
D:5:      layout_basic, gammafunk_temple_overflow_claw, grunt_dithmenos_smoke,
          minmay_temple_entry_tees, serial_shops, shop,
          minmay_misc_feat_secret_circle, grunt_ministairs_5
D:6:      layout_loops_cross, serial_shops, shop, minmay_statues_item,
          kennysheep_generic_room_5
Temple:   corrupted_temple

Skill      XL: |  1  2  3  4  5  6  7 |
---------------+----------------------+-----
Stealth        | 3 4 5 6 |  6.1
Conjurations   | 2 |  2.0
Summonings     | 2 |  2.0
Air Magic      | 1 2 3 4 |  4.7
Hexes          | 1 2 |  2.0
Spellcasting   | 4 |  4.5
Dodging        | |  2.0
Translocations | |  1.0

Action                   |  1- 3 |  4- 6 |  7- 9 || total
-------------------------+-------+-------+-------++-------
Melee: Dagger            |    38 |    99 |    75 ||   212
       Constrict         |     8 |    18 |    13 ||    39
       Tentacles         |     3 |    17 |    15 ||    35
 Cast: Magic Dart        |    73 |    92 |    34 ||   199
       Call Imp          |       |       |     8 ||     8
Evoke: Wand              |       |       |     2 ||     2
  Use: Scroll            |       |     4 |       ||     4
 Stab: Sleeping          |     2 |     3 |       ||     5
       Distracted        |       |       |     1 ||     1
Armor: Skin              |    12 |    17 |    13 ||    42
Dodge: Dodged            |    26 |    62 |    48 ||   136
